 Dungeon Crawl Stone Soup version 0.15-a0-60-g2d7d1c5 (webtiles) character file.

3259 Kae the Conjurer (level 9, -7/45 HPs)
             Began as a Tengu Fire Elementalist on Apr 6, 2014.
             Was a Follower of Vehumet.
             Shot with an arrow by a centaur (21 damage)
             ... on Level 7 of the Dungeon.
             The game lasted 00:18:40 (8264 turns).

Kae the Conjurer (Tengu Fire Elementalist)          Turns: 8264, Time: 00:18:40

HP  -7/45        AC  6     Str  8      XL: 9   Next: 76%
MP   1/23        EV 12     Int 19      God: Vehumet [*.....]
Gold 376         SH  0     Dex 15      Spells:  5 memorised,  4 levels left

rFire  + . .     SeeInvis +     u - +2,+0 trident (flame)
rCold  . . .     Clarity  .     z - +0 robe {rN+}
rNeg   + + .     Conserve .     (no shield)
rPois  .         rCorr    .     (helmet restricted)
rElec  +         rRot     .     d - +2 cloak
SustAb . .       Spirit   .     e - +0 pair of gloves
rMut   .         Warding  .     (boots unavailable)
Saprov . . .     Stasis   .     k - amulet of faith
MR     .....                    f - ring of Deazoz {rElec rF+ rN+}
                                j - ring of see invisible

@: not resistant to hostile enchantments, fairly stealthy
A: able to fly, beak, talons 3
a: Fly, Renounce Religion


You were on level 7 of the Dungeon.
You worshipped Vehumet.
Vehumet was aware of your devotion.
You were not hungry.

You visited 2 branches of the dungeon, and saw 8 of its levels.

You collected 376 gold pieces.

Inventory:

Hand weapons
 i - a +0,+0 falchion
 t - a +1,+0 dagger of freezing
 u - a +2,+0 trident of flaming (weapon)
Armour
 a - a +0 robe
 d - a +2 cloak (worn)
 e - a +0 pair of gloves (worn)
 z - a +0 robe of positive energy (worn)
 C - a +2 robe of magic resistance
Magical devices
 n - a wand of cold (5)
Comestibles
 c - 5 bread rations
 l - 3 meat rations
 q - 13 strawberries
 s - 2 chunks of gnoll flesh
Scrolls
 g - 3 scrolls of identify
 m - a scroll of recharging
 p - 2 scrolls of remove curse
 r - a scroll of teleportation
 v - a scroll of fear
 x - a scroll of amnesia
Jewellery
 f - the ring of Deazoz (right hand) {rElec rF+ rN+}
   (You found it on level 6 of the Dungeon)

   [ring of protection from fire]

   It protects you from fire.
   It insulates you from electricity.
   It protects you from negative energy.
 j - a ring of see invisible (left hand)
 k - an amulet of faith (around neck)
 y - a +2 ring of evasion
Potions
 h - 2 potions of heal wounds
 o - 2 potions of curing
Books
 b - a book of Flames

   Spells                             Type                      Level
   *Flame Tongue                      Conjuration/Fire             1
   *Throw Flame                       Conjuration/Fire             2
   *Conjure Flame                     Conjuration/Fire             3
   Inner Flame                        Hexes/Fire                   3
   *Sticky Flame                      Conjuration/Fire             4
   *Fireball                          Conjuration/Fire             5
 A - a book of Maledictions

   Spells                             Type                      Level
   Corona                             Hexes                        1
   Sure Blade                         Hexes/Charms                 2
   Ensorcelled Hibernation            Hexes/Ice                    2
   Confuse                            Hexes                        3
   Enslavement                        Hexes                        4
   Invisibility                       Hexes                        6


   Skills:
 - Level 2.1 Dodging
 - Level 2.0 Stealth
 + Level 5.7 Spellcasting
 * Level 10.8 Conjurations
 * Level 9.6 Fire Magic


You had 4 spell levels left.
You knew the following spells:

 Your Spells              Type           Power        Failure   Level  Hunger
a - Flame Tongue          Conj/Fire      #####        1%          1    None
b - Throw Flame           Conj/Fire      #####.       1%          2    None
c - Conjure Flame         Conj/Fire      #####...     1%          3    ##.....
d - Sticky Flame          Conj/Fire      #####...     1%          4    ####...
e - Fireball              Conj/Fire      #####.....   6%          5    #####..


Dungeon Overview and Level Annotations

Branches:
Dungeon (7/15)             Temple (1/1) D:4

Altars:
Cheibriados
Dithmenos
Elyvilon
Fedhas
Kikubaaqudgha
Makhleb
Nemelex Xobeh
Okawaru
Sif Muna
Trog
Vehumet
Xom
Yredelemnul
Zin
The Shining One

Annotations:
D:6 exclusion: statue


Innate Abilities, Weirdness & Mutations

You can fly.
You have a beak for a mouth.
You have claws for feet.


Message History

The centaur is heavily wounded.
The centaur shoots an arrow.
The arrow hits you!
The freed slave barely misses the centaur.
The centaur shoots an arrow.
The arrow misses you.
Casting: Throw Flame
Confirm with . or Enter, or press ? or * to list all spells.
Aiming: Throw Flame
Press: ? - help, Shift-Dir - straight line, f/p - centaur
Aim: a centaur, wielding a bow and wearing an animal skin (heavily wounded, unusually agile)
The puff of flame hits the centaur.
The centaur is almost dead.
The centaur shoots an arrow.
The arrow hits you!
Casting: Throw Flame
Confirm with . or Enter, or press ? or * to list all spells.
You don't have enough magic to cast that spell.
Wield which item (- for none, * to show all)? (? for menu, Esc to quit)
Okay, then.
Unknown command.
The centaur shoots an arrow.
The arrow hits you!
You die...

#....###)###..# #.............#
#.....(.......#
#################.).....f....f###
..............................f..
.................................
......................c....f.....
.....).....................f.....
........^.......@.......@........
.......[.......(....(..%.........
....).).................<......%.
......................)..........
....................g...@........
......[..>..>..>..%......#####..
........................## .
#################......##
#......#


You could see a centaur, a gnoll and a neutral freed slave (wandering).

Vanquished Creatures
  Pikel (D:6)
  A water moccasin (D:7)
  3 sky beasts
  4 ogres
  2 phantoms (D:4)
  Duvessa (D:6)
  A giant frog (D:6)
  A gnoll sergeant (D:7)
  4 scorpions
  Dowan (D:6)
  3 hounds
  A centaur skeleton (D:7)
  4 orc priests
  2 iguanas
  A gnoll shaman (D:7)
  6 orc wizards
  6 worker ants
  A big kobold zombie (D:5)
  A hound zombie (D:6)
  8 adders
  5 gnolls
  A shadow imp (D:7)
  4 worms
  4 giant mites
  An adder skeleton (D:5)
  4 oozes
  21 orcs
  2 ball pythons
  18 bats
  A bat zombie (D:4)
  7 giant cockroaches
  10 goblins
  9 hobgoblins
  14 jackals
  4 quokkas
  4 giant geckos
  A giant gecko skeleton (D:6)
  6 giant newts
  3 giant spores (D:7)
  12 kobolds
  A kobold skeleton (D:7)
  10 rats
  2 rat zombies
  7 ballistomycetes (D:7)
203 creatures vanquished.

Vanquished Creatures (others)
  3 slaves (D:7)
  An ogre (D:7)
  A hound (D:7)
  2 gnoll shamans (D:7)
  A mummy (D:7)
  2 gnolls (D:7)
  A bat (D:7)
11 creatures vanquished.

Grand Total: 214 creatures vanquished

Notes
Turn   | Place    | Note
--------------------------------------------------------------
     0 | D:1      | Kae, the Tengu Fire Elementalist, began the quest for the Orb.
     0 | D:1      | Reached XP level 1. HP: 10/10 MP: 3/3
   157 | D:1      | Reached XP level 2. HP: 12/15 MP: 0/5
   688 | D:1      | Reached XP level 3. HP: 13/19 MP: 7/7
   959 | D:2      | Reached skill level 4 in Fire Magic
  1502 | D:2      | Reached XP level 4. HP: 13/24 MP: 7/9
  2775 | D:3      | Reached XP level 5. HP: 23/28 MP: 3/11
  3008 | D:3      | Reached skill level 5 in Fire Magic
  3238 | D:3      | Reached skill level 5 in Conjurations
  3358 | D:4      | Reached XP level 6. HP: 32/32 MP: 8/13
  3408 | D:4      | Learned a level 2 spell: Throw Flame
  3412 | D:4      | Learned a level 3 spell: Conjure Flame
  3636 | D:4      | Noticed a phantom
  3662 | D:4      | Killed a phantom
  3662 | D:4      | Reached skill level 6 in Conjurations
  3724 | D:4      | Noticed a phantom
  3752 | D:4      | Killed a phantom
  3752 | D:4      | Reached XP level 7. HP: 15/36 MP: 4/17
  4068 | D:4      | Found a staircase to the Ecumenical Temple.
  4110 | Temple   | Entered the Ecumenical Temple
  4219 | D:4      | Reached skill level 7 in Conjurations
  4351 | D:4      | Found an ancient bone altar of Kikubaaqudgha.
  4695 | D:5      | Entered Level 5 of the Dungeon
  4744 | D:5      | Found an iron altar of Okawaru.
  4957 | D:5      | Reached XP level 8. HP: 31/41 MP: 7/20
  5553 | D:5      | Reached skill level 8 in Conjurations
  6088 | D:6      | Reached skill level 9 in Conjurations
  6196 | D:6      | Noticed Duvessa
  6198 | D:6      | Noticed Dowan
  6209 | D:6      | Killed Duvessa
  6209 | D:6      | Reached skill level 5 in Spellcasting
  6220 | D:6      | Killed Dowan
  6220 | D:6      | Reached XP level 9. HP: 39/45 MP: 0/22
  6611 | D:6      | Found a radiant altar of Vehumet.
  6633 | D:6      | Became a worshipper of Vehumet
  6637 | D:6      | Got a smoking lead ring
  6655 | D:6      | Identified the ring of Deazoz {rElec rF+ rN+} (You found it on level 6 of the Dungeon)
  6682 | D:6      | Found a blossoming altar of Fedhas.
  6807 | D:6      | Found a glowing silver altar of Zin.
  6807 | D:6      | Found a deep blue altar of Sif Muna.
  6812 | D:6      | Found a snail-covered altar of Cheibriados.
  6872 | D:7      | Noticed Pikel
  7214 | D:6      | Killed Pikel
  7214 | D:6      | Reached skill level 10 in Conjurations
  7270 | D:6      | Learned a level 4 spell: Sticky Flame
  7276 | D:6      | Learned a level 5 spell: Fireball
  7445 | D:7      | Acquired Vehumet's first power
  7445 | D:7      | Offered knowledge of Shock by Vehumet.
  8264 | D:7      | Shot with an arrow by a centaur

Action                   |  1- 3 |  4- 6 |  7- 9 || total
-------------------------+-------+-------+-------++-------
Melee: Unarmed           |   127 |    31 |       ||   158
       Falchion          |       |    32 |    53 ||    85
       Trident           |       |       |    40 ||    40
       Dagger            |       |       |    19 ||    19
 Cast: Flame Tongue      |    33 |    94 |   192 ||   319
       Conjure Flame     |       |     2 |     6 ||     8
       Throw Flame       |       |       |    80 ||    80
       Fireball          |       |       |     1 ||     1
 Abil: Fly               |       |       |     1 ||     1
Evoke: Wand              |       |       |     1 ||     1
  Use: Potion            |     1 |     1 |     2 ||     4
       Scroll            |     3 |    11 |     4 ||    18
 Stab: Sleeping          |     1 |       |       ||     1
